 Dungeon Crawl Stone Soup version 0.16.0-8-gd9ae3a8 (console) character file.

9 gw the Stinger (level 2, 0/17 HPs)
             Began as an Octopode Venom Mage on Mar 16, 2015.
             Slain by a jackal (2 damage)
             ... on level 1 of the Dungeon.
             The game lasted 00:00:16 (162 turns).

gw the Stinger (Octopode Venom Mage)                 Turns: 162, Time: 00:00:16

Health: 0/17       AC:  1    Str:  7    XL:     2   Next: 12%
Magic:  1/5        EV: 12    Int: 17    God:
Gold:   7          SH:  0    Dex: 12    Spells: 1 memorised, 4 levels left

rFire  . . .     SeeInvis .     b - +0 club
rCold  . . .     Clarity  .     (no shield)
rNeg   . . .     SustAb   .     (helmet restricted)
rPois  .         Gourm    .     (no amulet)
rElec  .         Spirit   .     (no ring)
rCorr  .         Warding  .     (no ring)
rMut   .         Stasis   .     (no ring)
MR     .....                    (no ring)
Stlth  +++.......               (no ring)
                                (no ring)
                                (no ring)
                                (no ring)

@: not resistant to hostile enchantments, fairly stealthy
A: almost no armour, amphibious, 8 rings, constrict 8, camouflage 1, gelatinous
body 1
a: no special abilities


You were on level 1 of the Dungeon.
You were not hungry.

You visited 1 branch of the dungeon, and saw 1 of its levels.

You collected 7 gold pieces.

Inventory:

Hand weapons
 b - a +0 club (weapon)
Books
 a - a Young Poisoner's Handbook

   Spells                             Type                      Level
   a - Sting                          Conjuration/Poison           1
   b - Cure Poison                    Poison                       2
   c - Mephitic Cloud                 Conjuration/Poison/Air       3
   d - Olgreb's Toxic Radiance        Poison                       4
   e - Venom Bolt                     Conjuration/Poison           5
Comestibles
 c - a bread ration


   Skills:
 + Level 0.2 Fighting
 + Level 0.2 Maces & Flails
 - Level 2.0 Dodging
 - Level 2.6 Stealth
 * Level 2.3 Spellcasting
 + Level 5.0 Poison Magic


You had 4 spell levels left.
You knew the following spells:

 Your Spells              Type           Power        Failure   Level  Hunger
a - Sting                 Conj/Pois      ##..         10%         1    #......


Dungeon Overview and Level Annotations

Branches:
Dungeon (1/15)

Altars:


Innate Abilities, Weirdness & Mutations

You cannot wear most types of armour.
You are amphibious.
You can wear up to eight rings at the same time.
You can use your tentacles to constrict many enemies at once.
Your skin changes colour to match your surroundings (Stealth).
Your rubbery body absorbs attacks (AC +1).


Message History

The jackal closely misses you. The jackal completely misses you.
Unknown command.
Unknown command.
Unknown command.
Unknown command.
ATTACKING (0,-1)
You hit the jackal but do no damage. Your grab misses the jackal.
You constrict the jackal, but do no damage.
The jackal closely misses you. The jackal bites you. The jackal bites you.
The jackal barely misses you.
Your magical contamination has completely faded away.
Unknown command.
Unknown command.
Unknown command.
Unknown command.
ATTACKING (0,-1)
You barely miss the jackal. Your grab misses the jackal.
You constrict the jackal. The jackal bites you. The jackal bites you.
The jackal bites you.
You die...

...............
.............g...
##))## #.. #....#
.. #....## .# #
#..#..####.#.#
#.###.g##.... ...
##h##.#.# ....
#xh..#.# .^...
###..#.# ....
#..#.# .# . .
#..#.# .# ##...#
.# ###...##.###
#..........#
#.##.#.....# #.
#.#.....#


You could see 2 jackals and a hobgoblin.

Table legend:
 A = Turns spent in this place as a percentage of turns spent in the entire game.
 B = Non-inter-level travel turns spent in this place as a percentage of non-inter-level travel turns spent in the entire game.
 C = Inter-level travel turns spent in this place as a percentage of turns spent in this place.
 D = Turns resting spent in this place as a percentage of non-inter-level travel turns spent in this place.
 E = Turns spent auto-exploring this place as a percentage of non-inter-level travel turns spent in this place.
 F = Non-inter-level travel turns spent in this place divided by the number of levels of this place that you've seen.
                   A       B       C       D       E      F
               +-------+-------+-------+-------+-------+----------------------
         Total | 100.0 | 100.0 |   0.0 |   1.7 |   2.2 | 362.0
       Dungeon | 100.0 | 100.0 |   0.0 |   1.7 |   2.2 | 362.0
               +-------+-------+-------+-------+-------+----------------------

Table legend:
 A = Kills in this place as a percentage of kills in entire the game.
 B = Kills by you in this place as a percentage of kills by you in the entire game.
 C = Kills by friends in this place as a percentage of kills by friends in the entire game.
 D = Other kills in this place as a percentage of other kills in the entire game.
 E = Experience gained in this place as a percentage of experience gained in the entire game.
 F = Experience gained in this place divided by the number of levels of this place that you have seen.
                   A       B       C       D       E      F
               +-------+-------+-------+-------+-------+----------------------
         Total | 100.0 | 100.0 |  -nan |  -nan | 100.0 |  13.0
       Dungeon | 100.0 | 100.0 |  -nan |  -nan | 100.0 |  13.0
               +-------+-------+-------+-------+-------+----------------------

Vanquished Creatures
  4 hobgoblins (D:1)
  2 jackals (D:1)
  A giant newt (D:1)
7 creatures vanquished.

Notes
Turn   | Place    | Note
--------------------------------------------------------------
     0 | D:1      | gw, the Octopode Venom Mage, began the quest for the Orb.
     0 | D:1      | Reached XP level 1. HP: 11/11 MP: 3/3
   154 | D:1      | Reached skill level 5 in Poison Magic
   154 | D:1      | Reached XP level 2. HP: 13/17 MP: 0/5
   162 | D:1      | Slain by a jackal

Action                   || total
-------------------------++-------
Melee: Club              ||    11
 Cast: Sting             ||     9

Vault maps used:
D:1:      co_arrival_random_square_maze
